 Dungeon Crawl Stone Soup version 0.32-a0-996-gb3226c233f (webtiles) character file.

Game seed: 16598012040150571015

12504 Swamplord the Toxicologist (level 12, 0/81 HPs)
             Began as a Formicid Alchemist on Apr 23, 2024.
             Was a Priest of Beogh.
             Slain by a black mamba (10 damage)
             ... on level 2 of the Lair of Beasts.
             The game lasted 00:37:52 (11942 turns).

Swamplord the Toxicologist (Formicid Alchemist)    Turns: 11942, Time: 00:37:54

Health: 0/81       AC:  8    Str: 19    XL:     12   Next: 21%
Magic:  2/26       EV: 12    Int: 20    God:    Beogh [***...]
Gold:   615        SH:  8    Dex: 14    Spells: 20/31 levels left

rFire   . . .        F - staff of earth
rCold   . . .        J - +3 warlock's mirror {omnireflect}
rNeg    . . .        n - +0 steam dragon scales
rPois   .            (helmet unavailable)
rElec   .            C - +1 cloak
rCorr   .            (no gloves)
SInv    +            j - +0 pair of boots
Will    +....        (no amulet)
Stlth   ++           h - +4 ring of slaying
HPRegen 0.33/turn    k - +6 ring of strength
MPRegen 0.20/turn

%: reflection
@: studying Staves
A: permanent stasis, dig shafts and tunnels, antennae 3, four strong arms
a: Dig, Shaft Self, Renounce Religion, Smiting, Recall Apostles, Dismiss Boldo,
priest


You were on level 2 of the Lair of Beasts.
You worshipped Beogh.
Beogh was most pleased with you.
You visited 2 branches of the dungeon, and saw 10 of its levels.
You also visited: Ossuary.

You collected 615 gold pieces.

Inventory:

Hand Weapons
 A - a +5 long sword
Missiles
 b - a throwing net
Armour
 j - a +0 pair of boots (worn)
 n - +0 steam dragon scales (worn)
 y - the +1 chain mail of Misanthropy {rElec rF++ SInv}
   (You found it on level 6 of the Dungeon)

   rF++:      It greatly protects you from fire.
   rElec:     It insulates you from electricity.
   SInv:      It lets you see invisible.
 C - a +1 cloak (worn)
 E - +0 fire dragon scales
 J - the +3 warlock's mirror (worn) {omnireflect}
   (You found it on level 1 of the Lair of Beasts)

   Omnireflect: It can block and reflect piercing ranged attacks and magical
   attacks against the wielder's willpower.
Magical Staves
 F - a staff of earth (weapon)
Jewellery
 h - a +4 ring of slaying (left hand)
 k - a +6 ring of strength (right hand)
 q - a ring of flight
Wands
 i - a wand of light (16)
 v - a wand of charming (9)
 B - a wand of flame (7)
 H - a wand of digging (6)
Scrolls
 m - 2 scrolls of silence
 r - 2 scrolls of amnesia
 w - a scroll of revelation
 I - a scroll of immolation
Potions
 a - 3 potions of cancellation
 c - 2 potions of brilliance
 f - a potion of attraction
 g - 2 potions of lignification
 l - 2 potions of curing
 o - a potion of invisibility
 s - a potion of haste
 t - a potion of enlightenment
 x - a potion of mutation
 z - a potion of berserk rage {unknown}
 D - 2 potions of might {unknown}
 G - a potion of resistance {unknown}


   Skills:
 - Level 3.2 Fighting
 * Level 7.1 Staves
 - Level 1.8 Armour
 - Level 4.0 Dodging
 - Level 2.4 Stealth
 * Level 6.1 Shields
 - Level 10.2 Spellcasting
 - Level 1.5 Conjurations
 - Level 6.9 Fire Magic
 - Level 2.0 Air Magic
 - Level 14.5 Alchemy


You had 20 spell levels left.
You knew the following spells:

 Your Spells              Type           Power      Damage    Failure   Level
a - Sting                 Conj/Alch      100%       1d9       1%          1
b - Mercury Vapours       Alch/Air       86%        N/A       1%          2
c - Olgreb's Toxic Radia  Alch           62%        N/A       1%          4
d - Sticky Flame          Fire/Alch      52%        2d9       1%          4

Your spell library contained the following spells:

 Spells                   Type           Power      Damage    Failure   Level
 Mephitic Cloud           Conj/Alch/Air  34%        N/A       1%          3
 Lesser Beckoning         Tloc           20%        N/A       13%         2
 Summon Blazeheart Golem  Fire/Summ      24%        N/A       21%         4
 Teleport Other           Tloc           10%        N/A       26%         3
 Orb of Destruction       Conj           8%         9d6       100%        7
 Spellforged Servitor     Conj/Summ      6%         N/A       100%        7
 Maxwell's Portable Pile  Tloc           Unusable   2d(6-16)  N/A         3

Dungeon Overview and Level Annotations

Branches:
Dungeon (8/15)             Temple (0/1) D:5            Lair (2/5) D:8
Ossuary (visited)
  Swamp: Lair:2-3    Shoals: Lair:2-3     Snake: Lair:2-3    Spider: Lair:2-3

Altars:
Dithmenos
Elyvilon
Gozag
Kikubaaqudgha
Okawaru
Qazlal
Ru
Xom
Yredelemnul

Shops:
D:2 *:[[   D:6 *


Innate Abilities, Weirdness & Mutations

Your facial features look somewhat orcish.
You cannot be hasted, slowed, berserked, paralysed or teleported.
You can dig through walls and to a lower floor.
You have a pair of large antennae on your head. (SInv)
Your four strong arms can wield two-handed weapons with a shield.


Message History

Aim: a black mamba The sticky flame hits the black mamba!
The black mamba is lightly wounded.
The black mamba burns!
You block the black mamba's attack. You block Ugbert's attack.
The black mamba bites you but does no damage.
You hit the black mamba but do no damage.
The black mamba is moderately wounded.
The black mamba bites you!
You are poisoned.
The black mamba poisons you! Ugbert barely misses you.
The black mamba bites you.
You feel very sick.
The black mamba burns!
The black mamba shakes off the sticky flame as it moves.
Ugbert hits you from afar with a +1 halberd of protection!
* * * LOW HITPOINT WARNING * * *
You feel better.
The black mamba bites you but does no damage.
You block Ugbert's attack. The black mamba bites you!
* * * LOW HITPOINT WARNING * * *
Okay, then.
Press: ? - help, v - describe, . - travel
Here: Ugbert the orc apostle, wielding a +1 halberd of protection and wearing a +3 chain mail (heavily wounded, very poisoned, empowered by the touch of Beogh)
The floor.
As you read the scroll of fog, it dissolves into smoke.
You block the black mamba's attack. Ugbert misses you.
The black mamba bites you but does no damage.
You block the black mamba's attack.
The black mamba attacks as it pursues you!
The black mamba barely misses you. x2
Casting: Sticky Flame (mildly dangerous; 1% risk of failure)
Confirm with . or Enter, or press ? or * to list all spells.
Aiming: Sticky Flame (mildly dangerous; 1% risk of failure)
Press: ? - help, Shift-Dir - straight line, f/p - black mamba
Aim: a black mamba (grey smoke, heavily wounded)
The sticky flame hits the black mamba!
The black mamba is severely wounded.
The black mamba burns!
The black mamba bites you!
You die...

....<....# ^.~
.........## #..♣♣♣.
..........#####..>♣.♣♣
..............P....♣.♣.
.........§.....P#.......
.....§§§§§§§....#.>...#.
.....§§§§§§............#
..?...§@S§§§............
...?...§§o§§............
..#....####§...††.......
...#.##.I.#.............
.. ###...†...†..........
. #I.<..#.....†......
.......†..#............
.....#....#......†.....
.#.?#..+###.######.....


You could see Ugbert the orc apostle (very poisoned, divinely empowered) and a
black mamba (burning).

Vanquished Creatures
  Gastronok (D:8)
  The ghost of NotYourErnst the Covert, a journeyman DEIE (Lair:1)
  2 catoblepae
  A two-headed ogre (D:7)
  6 elephants
  Maurice (D:7)
  A cane toad (Lair:2)
  An unseen horror (D:8)
  A rime drake (Lair:1)
  3 blink frogs (Lair:2)
  A wyvern (D:8)
  A basilisk (D:8)
  A steam dragon (D:4)
  6 water moccasins
  An ice beast (D:7)
  2 orc warriors
  A sky beast (D:8)
  A black bear (D:8)
  An ogre (D:5)
  2 wolves (Lair:1)
  2 phantoms
  A kobold brigand (D:8)
  2 bullfrogs
  3 scorpions
  14 wights
  An electric eel (D:8)
  6 howler monkeys
  2 bombardier beetles
  7 hounds
  3 orc priests
  A sleepcap (D:7)
  A gnoll bouda (D:8)
  A jelly (D:5)
  An iguana (D:4)
  4 orc wizards
  5 scorpion zombies (Ossuary)
  3 mummies (Ossuary)
  Robin (D:2)
  3 gnolls (D:8)
  7 adders
  2 shadow imps
  2 white imps
  2 adder zombies (Ossuary)
  2 dart slugs
  3 ribbon worms
  19 orcs
  3 ball pythons
  8 endoplasms
  4 gnoll zombies (Ossuary)
  12 goblins
  9 hobgoblins
  6 jackals (D:5)
  4 quokkas
  11 bats
  6 frilled lizards
  4 jackal zombies (Ossuary)
  14 kobolds
  2 kobold zombies (Ossuary)
  9 rats
225 creatures vanquished.

Vanquished Creatures (collateral kills)
  An elephant (Lair:2)
  A komodo dragon (Lair:1)
  A basilisk (Lair:1)
  A water moccasin (Lair:1)
  2 wolves (Lair:1)
  A bullfrog (Lair:1)
7 creatures vanquished.

Vanquished Creatures (others)
  An orc apostle (Lair:2)
  An orc (D:8)
  3 foxfires (Lair:1)
5 creatures vanquished.

Grand Total: 237 creatures vanquished

Notes
Turn   | Place    | Note
-------+----------+-------------------------------------------
     0 | D:1      | Swamplord the Formicid Alchemist began the quest for the
                  | Orb.
     0 | D:1      | Reached XP level 1. HP: 13/13 MP: 3/3
    36 | D:1      | Reached skill level 1 in Conjurations
   209 | D:1      | Reached XP level 2. HP: 19/19 MP: 1/5
   391 | D:1      | Learned a level 2 spell: Mercury Vapours
   681 | D:1      | Reached XP level 3. HP: 21/24 MP: 0/6
  1216 | D:2      | Found Pesig's Book Shop.
  1221 | D:2      | Reached skill level 1 in Armour
  1325 | D:2      | Found Lolug's Armour Shop.
  1373 | D:2      | Noticed Robin
  1379 | D:2      | Reached XP level 4. HP: 30/30 MP: 1/7
  1392 | D:2      | Killed Robin
  1836 | D:2      | Found Sazikhli's Assorted Antiques.
  1888 | D:2      | Reached skill level 1 in Air Magic
  1999 | D:2      | Reached skill level 5 in Alchemy
  2126 | D:2      | Found Nuc Bop's Armour Emporium.
  2269 | D:3      | Learned a level 4 spell: Olgreb's Toxic Radiance
  2427 | D:3      | Reached XP level 5. HP: 35/35 MP: 7/9
  3014 | D:3      | Found a faded altar of an unknown god.
  3595 | D:4      | Reached skill level 6 in Alchemy
  3662 | D:4      | Reached XP level 6. HP: 41/41 MP: 3/10
  3782 | D:4      | Reached skill level 7 in Alchemy
  3825 | D:4      | Noticed a steam dragon
  3833 | D:4      | HP: 2/41 [steam dragon (6)]
  3837 | D:4      | Killed a steam dragon
  3838 | D:4      | Reached skill level 8 in Alchemy
  3838 | D:4      | Reached XP level 7. HP: 4/46 MP: 3/11
  4663 | D:4      | Found a basalt altar of Yredelemnul.
  4665 | D:4      | Found a white marble altar of Elyvilon.
  4666 | D:4      | Found a shimmering altar of Xom.
  4675 | D:4      | Found an ancient bone altar of Kikubaaqudgha.
  5165 | D:5      | Entered Level 5 of the Dungeon
  5223 | D:5      | Became a worshipper of Beogh the Shepherd
  5232 | D:5      | Reached skill level 9 in Alchemy
  5349 | D:5      | Found a sand-covered staircase.
  5364 | D:5      | Learned a level 4 spell: Sticky Flame
  5365 | Ossuary  | Entered an ossuary
  5388 | Ossuary  | Reached skill level 1 in Fire Magic
  5608 | Ossuary  | Reached XP level 8. HP: 46/53 MP: 8/13
  5739 | Ossuary  | Reached * piety under Beogh
  6720 | D:5      | Found a staircase to the Ecumenical Temple.
  6877 | D:6      | Found Woryurem's General Store.
  7029 | D:6      | Found a sacrificial altar of Ru.
  7035 | D:6      | Identified the +1 chain mail of Misanthropy {rElec rF++
                  | SInv}
  7064 | D:6      | Reached skill level 10 in Alchemy
  7240 | D:6      | Reached skill level 1 in Fighting
  7344 | D:6      | Reached XP level 9. HP: 59/59 MP: 11/15
  7450 | D:6      | Reached skill level 5 in Spellcasting
  7705 | D:6      | Reached skill level 11 in Alchemy
  8008 | D:7      | Noticed a two-headed ogre
  8017 | D:7      | Killed a two-headed ogre
  8018 | D:7      | Reached skill level 5 in Fire Magic
  8322 | D:7      | Reached ** piety under Beogh
  8323 | D:7      | Reached XP level 10. HP: 58/67 MP: 8/20
  8507 | D:7      | Noticed Maurice
  8512 | D:7      | Found a shadowy altar of Dithmenos.
  8515 | D:7      | Maurice stole a +5 long sword
  8517 | D:7      | Killed Maurice
  8518 | D:7      | Reached skill level 12 in Alchemy
  9355 | D:8      | Noticed Gastronok
  9371 | D:8      | Killed Gastronok
  9372 | D:8      | Reached skill level 13 in Alchemy
  9531 | D:8      | Found an iron altar of Okawaru.
  9537 | D:8      | Noticed an elephant
  9544 | D:8      | Killed an elephant
  9545 | D:8      | Reached XP level 11. HP: 72/74 MP: 11/23
  9929 | D:8      | Found a staircase to the Lair.
  9983 | D:8      | Found a stormy altar of Qazlal.
 10166 | D:8      | Found an opulent altar of Gozag.
 10327 | Lair:1   | Entered Level 1 of the Lair of Beasts
 10351 | Lair:1   | Reached *** piety under Beogh
 10371 | Lair:1   | Identified the +8 halberd "Giantslayer" {heavy, rC+}
 10371 | Lair:1   | Noticed Boldo
 10382 | Lair:1   | Anointed Boldo the priest as your apostle
 10535 | Lair:1   | Reached skill level 14 in Alchemy
 11279 | Lair:1   | Found a runed translucent door.
 11279 | Lair:1   | Noticed a catoblepas
 11280 | Lair:1   | Noticed NotYourErnst's ghost (journeyman DEIE)
 11295 | Lair:1   | Killed a catoblepas
 11296 | Lair:1   | Reached skill level 10 in Spellcasting
 11301 | Lair:1   | Killed NotYourErnst's ghost
 11504 | Lair:1   | Found the +3 warlock's mirror {omnireflect}
 11795 | Lair:2   | Noticed an elephant
 11800 | Lair:2   | Noticed an elephant
 11800 | Lair:2   | Noticed an elephant
 11800 | Lair:2   | Noticed an elephant
 11805 | Lair:2   | Noticed an elephant
 11810 | Lair:2   | Noticed an elephant
 11812 | Lair:2   | Killed an elephant
 11812 | Lair:2   | Killed an elephant
 11814 | Lair:2   | Noticed a catoblepas
 11816 | Lair:2   | Killed an elephant
 11825 | Lair:2   | Your ally Boldo died
 11833 | Lair:2   | Killed a catoblepas
 11835 | Lair:2   | Reached skill level 5 in Staves
 11835 | Lair:2   | Reached XP level 12. HP: 19/81 MP: 11/26
 11836 | Lair:2   | Reached skill level 5 in Shields
 11942 | Lair:2   | Slain by a black mamba

Illustrated notes

Levels and vault maps discovered:
D:1:      sevenhm_arrival_forest_fort_small_5, layout_rooms,
          minmay_indecisive_spiral
D:2:      layout_loops_cross, serial_shops, nicolae_shop_real_fake_doors, shop,
          shop, shop, uniq_robin
D:3:      layout_loops_ring, nicolae_ecumenical_oubliette,
          minmay_gold_behind_fungi, dk_noncrumbling_4, minmay_misc_feat_plants
D:4:      layout_basic, nicolae_overflow_quartered_altars,
          minmay_misc_feat_five, minmay_increasing_density
D:5:      layout_basic, minmay_temple_entry_antechambers,
          mainiacjoe_ossuary_entry_dusty_tomb
D:6:      layout_basic, mainiacjoe_overflow_24_doors, serial_shops, shop
D:7:      layout_rooms, old_standard_altar, kennysheep_generic_room_9,
          uniq_maurice
D:8:      layout_rooms, overflow_temple_1_default,
          nicolae_qazlal_beasts_of_the_sky, grunt_gozag_breadcrumbs,
          david_lair_generic, water_boxes_lemuel, uniq_gastronok
Lair:1:   layout_regular_city, ebering_ghost_inner_flame
Lair:2:   layout_layer_cave, alex1729_swamp_entry_worm_eleionoma,
          dummy_snake_entry, kennysheep_rathole, grunt_megastairs_1,
          serial_bayou_shore_b

Skill      XL: |  1  2  3  4  5  6  7  8  9 10 11 12 |
---------------+-------------------------------------+-----
Conjurations   | 1 |  1.5
Armour         | 1 |  1.8
Air Magic      | 1 2 |  2.0
Alchemy        | 5 6 8 9 10 11 13 14 | 14.5
Spellcasting   | 3 4 6 8 10 | 10.2
Fire Magic     | 2 4 5 6 |  6.9
Dodging        | 2 3 4 |  4.0
Fighting       | 1 2 3 |  3.2
Staves         | 5 7 |  7.1
Shields        | 4 6 |  6.1
Stealth        | |  2.4

Action                     |  1- 3 |  4- 6 |  7- 9 | 10-12 || total
---------------------------+-------+-------+-------+-------++-------
  Melee: Unarmed           |    50 |       |       |       ||    50
         Dagger            |       |     1 |   148 |       ||   149
         Short sword       |       |       |     8 |     4 ||    12
         Long sword        |       |       |       |    28 ||    28
         Staff             |       |       |       |    26 ||    26
   Cast: Sting             |    66 |   104 |   104 |    59 ||   333
         Mercury Vapours   |     2 |     1 |     6 |    15 ||    24
         Olgreb's Toxic Ra |       |     4 |    10 |    25 ||    39
         Sticky Flame      |       |       |    24 |    29 ||    53
 Invoke: Convert to Beogh  |       |       |     1 |       ||     1
         Recall Apostles   |       |       |       |     1 ||     1
         Recruit Apostle   |       |       |       |     1 ||     1
  Evoke: Wand              |       |       |       |     9 ||     9
    Use: Scroll            |     3 |     6 |    10 |     7 ||    26
         Potion            |       |     1 |       |     5 ||     6
   Stab: Distracted        |     1 |       |       |       ||     1
         Sleeping          |       |       |     1 |       ||     1
 Armour: Robe              |    41 |       |       |       ||    41
         Leather armour    |     2 |    34 |       |       ||    36
         Steam dragon scal |       |       |   112 |   106 ||   218
  Dodge: Dodged            |    59 |    22 |   103 |    85 ||   269
  Block: Buckler           |       |       |       |    23 ||    23

Table legend: (Time is in decaauts)
 A = Elapsed time spent in this place.
 B = Non-inter-level travel time spent in this place.
 C = Inter-level travel time spent in this place.
 D = Time resting spent in this place.
 E = Time spent auto-exploring this place.
 F = Levels seen in this place.
 G = Mean time per level.
                   A        B        C        D        E       F      G
               +--------+--------+--------+--------+--------+-----+--------+
         Total |  11951 |  11696 |    255 |    100 |   9677 |  11 | 1086.5 |
       Dungeon |   9785 |   9539 |    246 |    100 |   7953 |   8 | 1223.1 |
          Lair |   1616 |   1608 |      8 |      0 |   1391 |   2 |  808.0 |
       Ossuary |    549 |    549 |      0 |      0 |    333 |   1 |  549.0 |
               +--------+--------+--------+--------+--------+-----+--------+

Top non-repeatable levels by time:
     D:4: 1749 daAuts
  Lair:1: 1472 daAuts
     D:8: 1306 daAuts
     D:6: 1265 daAuts
     D:1: 1163 daAuts
     D:3: 1152 daAuts
     D:5: 1108 daAuts
     D:2: 1099 daAuts
     D:7: 939 daAuts
 Ossuary: 549 daAuts
  Lair:2: 144 daAuts
